 Dungeon Crawl Stone Soup version 0.31-a0-175-g9f7f995f2b (webtiles) character file.

Game seed: 2873453838689133298

44 Moral the Vexing (level 3, -5/14 HPs)
             Began as a Felid Enchanter on June 17, 2023.
             Killed from afar by Sigmund (9 damage)
             ... with a magic dart
             ... on level 2 of the Dungeon.
             The game lasted 00:05:36 (1944 turns).

Moral the Vexing (Felid Enchanter)                  Turns: 1944, Time: 00:05:36

Health: -5/14      AC:  1    Str:  4    XL:     3   Next: 41%
Magic:  4/7        EV: 17    Int: 18    God:
Gold:   56         SH:  0    Dex: 16    Spells: 0/6 levels left
                                        Lives:  0   Deaths: 0

rFire   . .          .
                       - Unarmed
rCold   . . .        (shield unavailable)
rNeg    . . .        (body armour unavailable)
rPois   .            (helmet unavailable)
rElec   .            (cloak unavailable)
rCorr   .            (gloves unavailable)
SInv    +            (boots unavailable)
Will    .....        (no amulet)
Stlth   +++          (no ring)
HPRegen 0.22/turn    (no ring)
MPRegen 0.10/turn

%: no passive effects
@: quick
A: very small, claws 1, fangs 3, see invisible, speed 1, shaggy fur 1, stealthy
paws, no weapons or thrown items, no armour, multi-lived
a: no special abilities


You were on level 2 of the Dungeon.
You visited 1 branch of the dungeon, and saw 2 of its levels.

You collected 56 gold pieces.

Inventory:

Scrolls
 c - a scroll of poison {unknown}
 d - a scroll of summoning {unknown}
 e - a scroll of identify {unknown}
 g - a scroll of silence {unknown}
 h - a scroll of teleportation {unknown}
Potions
 a - 2 potions of invisibility
 b - 4 potions of curing {unknown}
 f - a potion of lignification {unknown}
 i - a potion of heal wounds {unknown}


   Skills:
 + Level 3.1 Dodging
 * Level 4.9 Stealth
 + Level 1.5 Unarmed Combat
 + Level 2.2 Spellcasting
 * Level 4.9 Hexes


You couldn't memorise any spells.
You knew the following spells:

 Your Spells              Type           Power      Damage    Failure   Level
a - Confusing Touch       Hex            19%        N/A       7%          3
b - Tukima's Dance        Hex            19%        N/A       7%          3

Your spell library contained the following spells:

 Spells                   Type           Power      Damage    Failure   Level
 Ensorcelled Hibernation  Hex/Ice        20%        N/A       10%         2
 Dazzling Flash           Conj/Hex       20%        N/A       19%         3
 Sublimation of Blood     Necr           2%         N/A       26%         2
 Call Canine Familiar     Summ           2%         N/A       47%         3
 Leda's Liquefaction      Hex/Erth       5%         N/A       54%         4
 Petrify                  Tmut/Erth      2%         N/A       87%         4
 Irradiate                Conj/Tmut      1%         3d12      99%         5
 Portal Projectile        Hex/Tloc       Unusable   N/A       N/A         3

Dungeon Overview and Level Annotations

Branches:
Dungeon (2/15)

Altars:

Shops:
D:1 =

Annotations:
D:2 Sigmund


Innate Abilities, Weirdness & Mutations

You have sharp claws.
You have razor-sharp teeth.
You have supernaturally acute eyesight. (SInv)
You cover ground quickly. (Speed+)
You are covered in fur. (AC +1)
Your paws help you pounce on unaware monsters.
You are incapable of wielding weapons or throwing items.
You cannot wear armour.
You gain extra lives every three experience levels.


Message History

Sigmund the Dreaded comes into view.
He is wielding a +0 scythe and wearing a +1 robe of positive energy.
The quokka closely misses you.
Casting: Confusing Touch (astonishingly dangerous; 7% risk of failure)
Confirm with . or Enter, or press ? or * to list all spells.
The spell is astonishingly dangerous to miscast (7% risk of failure)!
Continue anyway?
Your paws begin to glow red.
The quokka bites you.
You scratch the quokka but do no damage.
The quokka appears confused.
The quokka closely misses you.
Sigmund casts a spell.
Sigmund flickers and vanishes for a moment.
Sigmund casts a spell at you. The magic dart hits you!
Ouch! That really hurt!
Sigmund is nearby!
You see here a hobgoblin skeleton.
This spell is astonishingly dangerous to cast!
Memorise Tukima's Dance, consuming 3 spell levels and leaving 0?
You start memorising the spell.
You continue memorising. x3
You finish memorising.
Spell assigned to 'b'.
Sigmund is nearby!
Sigmund is nearby!
Casting: Confusing Touch (astonishingly dangerous; 7% risk of failure)
Confirm with . or Enter, or press ? or * to list all spells.
The spell is astonishingly dangerous to miscast (7% risk of failure)!
Continue anyway?
Aiming: Tukima's Dance (astonishingly dangerous; 7% risk of failure)
Press: ? - help, Shift-Dir - straight line, f - Sigmund
Aim: Sigmund, wielding a +0 scythe and wearing a +1 robe of positive energy (wandering, hasn't noticed you, chance to affect: 61%) Sigmund shouts!
The +0 scythe dances into the air!
Sigmund gestures at you while chanting.
The magic dart hits your +0 scythe.
Your +0 scythe falls from the air.
Sigmund casts a spell at you. The magic dart hits you!
Ouch! That really hurt!
* * * LOW HITPOINT WARNING * * *
Sigmund casts a spell at you. The magic dart hits you!
Ouch! That really hurt!
You die...

######## #.# #<# #...#
#......##########.# #.# #...#
#..............##.# #.# #...#
#..............##.# #.# #...#
#.>............##.###@#####...##
#...................)...........
#......##########..########...##
#.......#########..### #...##
#.......##.....@...#.# #...#.
#..........#####.###.######...#.
#...........##...#..............
#...........##.##.......######..
##..............##........).###.#
....####...#@#####......[##.##...
##### #####..## #####...##.##...
##..# #...##.##... #######.##
#...##†##...


You could see Sigmund.

Vanquished Creatures
  2 dart slugs
  7 ball pythons
  An endoplasm (D:1)
  8 goblins
  5 hobgoblins
  2 quokkas
  5 bats (D:1)
  2 frilled lizards (D:1)
  4 kobolds (D:1)
  2 rats
38 creatures vanquished.

Vanquished Creatures (others)
  A dancing weapon (D:2)
1 creature vanquished.

Grand Total: 39 creatures vanquished

Notes
Turn   | Place    | Note
-------+----------+-------------------------------------------
     0 | D:1      | Moral the Felid Enchanter began the quest for the Orb.
     0 | D:1      | Reached XP level 1. HP: 7/7 MP: 4/4
   256 | D:1      | Reached XP level 2. HP: 11/11 MP: 6/6
   524 | D:1      | Found Tueb's Jewellery Shop.
   999 | D:1      | Reached XP level 3. HP: 14/14 MP: 7/7
  1434 | D:2      | Learned a level 3 spell: Confusing Touch
  1845 | D:2      | Noticed Sigmund
  1912 | D:2      | Learned a level 3 spell: Tukima's Dance
  1944 | D:2      | Killed from afar by Sigmund

Illustrated notes

Levels and vault maps discovered:
D:1:      ldierk_walled_garden_2, layout_loops_ring, serial_shops, shop,
          hex_large
D:2:      layout_basic, corexii_item_surrounded_by_moat, uniq_sigmund

Skill      XL: |  1  2 |
---------------+-------+-----
Dodging        | 3 |  3.1
Stealth        | |  4.9
Unarmed Combat | |  1.5
Spellcasting   | |  2.2
Hexes          | |  4.9

Action                     || total
---------------------------++-------
  Melee: Unarmed           ||   102
         Bite              ||     5
         Punch             ||     1
   Cast: Confusing Touch   ||     6
         Tukima's Dance    ||     1
   Stab: Sleeping          ||    11
 Armour: Skin              ||    10
  Dodge: Dodged            ||    81

Table legend: (Time is in decaauts)
 A = Elapsed time spent in this place.
 B = Non-inter-level travel time spent in this place.
 C = Inter-level travel time spent in this place.
 D = Time resting spent in this place.
 E = Time spent auto-exploring this place.
 F = Levels seen in this place.
 G = Mean time per level.
                   A        B        C        D        E       F      G
               +--------+--------+--------+--------+--------+-----+--------+
         Total |   1690 |   1673 |     17 |    405 |    885 |   2 |  845.0 |
       Dungeon |   1690 |   1673 |     17 |    405 |    885 |   2 |  845.0 |
               +--------+--------+--------+--------+--------+-----+--------+

Top non-repeatable levels by time:
     D:1: 1091 daAuts
     D:2: 599 daAuts
